 Dungeon Sprint DCSS version 0.28-a0-794-gafe8c5f9e9 (webtiles) character file.

Game seed: 14180827262759074114

347560 mhtbhm the Skullcrusher (level 19, -3/207 HPs)
             Began as a Minotaur Berserker on Nov 6, 2021.
             Was a High Priest of Trog.
             Slain by a quicksilver ooze (12 damage)
             ... created by the Royal Jelly
             ... while paralysed by a floating eye
             ... in the Dungeon (Sprint IX: "|||||||||||||||||||||||||||||").
             The game lasted 00:27:43 (12491 turns).

mhtbhm the Skullcrusher (Minotaur Berserker)       Turns: 12491, Time: 00:27:44

Health: -3/207     AC: 23    Str: 39    XL:     19   Next: 35%
Magic:  9/9        EV:  2    Int:  4    God:    Trog [*****.]
Gold:   257        SH:  0    Dex: 14    Spells: 18/18 levels left

rFire   + + .      SeeInvis +   a - +11 morningstar "Besuh" {vorpal, rC++ Will+ rCorr}
rCold   + + +      Faith    .   C - +6 tower shield of Integrity {rPois Str+2}
rNeg    + . .      Spirit   .   b - +4 gold dragon scales
rPois   +          Reflect  +   Q - +0 hat {SInv}
rElec   .          Harm     .   k - +2 cloak
rCorr   +          Rampage  .   n - +0 pair of gloves "Zadd" {Stlth+}
Will    +++..      Rage     1%  m - +0 pair of boots of Liryewk {rF+ rN+ MP-9 Str+2}
Stlth   +++....... NoTele   +   x - amulet of reflection
HPRegen 0.44/turn               F - +4 ring of slaying
MPRegen 0.11/turn               z - ring of Kaas {rPois Will+ Str+6 Dex+3}

@: paralysed, engulfed (cannot breathe), corroded, on berserk cooldown, slowed
A: horns 2, retaliatory headbutt, berserk 1
}: 6/17 runes: decaying, serpentine, barnacled, elven, silver, gossamer
a: Renounce Religion, Berserk, Trog's Hand, Brothers in Arms


You were in the Dungeon.
You worshipped Trog.
Trog was extremely pleased with you.
You visited 1 branch You collected 2030 gold pieces.
You spent 1773 gold pieces at shops.

Inventory:

Hand Weapons
 a - the +11 morningstar "Besuh" (weapon) {vorpal, rC++ Will+ rCorr}
   (Trog gifted it to you in the Dungeon)

   It inflicts extra damage upon your enemies.
   rC:        It greatly protects you from cold.
   rCorr:     It protects you from acid and corrosion.
   Will:      It increases your willpower.
 l - the +8 demon trident of the Past {flame, Contam +Blink rF+++ Dex-4}
   (Trog gifted it to you in the Dungeon)

   It burns those it strikes, dealing additional fire damage.
   Dex:       It affects your dexterity (-4).
   rF:        It renders you almost immune to fire.
   +Blink:    It lets you blink.
   Contam:    It causes magical contamination when unequipped.
 t - the +12 great mace of Fate {venom, rElec Int+5}
   (You found it in the Dungeon)

   It poisons the flesh of those it strikes.
   Int:       It affects your intelligence (+5).
   rElec:     It insulates you from electricity.
Missiles
 w - 7 boomerangs (quivered)
Armour
 b - +4 gold dragon scales (worn)
 k - a +2 cloak (worn)
 m - the +0 pair of boots of Liryewk (worn) {rF+ rN+ MP-9 Str+2}
   (You found it in the Dungeon)

   Str:       It affects your strength (+2).
   rF:        It protects you from fire.
   rN:        It protects you from negative energy.
   MP:        It affects your magic capacity (-9).
 n - the +0 pair of gloves "Zadd" (worn) {Stlth+}
   (You found it in the Dungeon)

   Stlth:     It makes you more stealthy.
 C - the +6 tower shield of Integrity (worn) {rPois Str+2}
   (You took it off Mennas in the Dungeon)

   Str:       It affects your strength (+2).
   rPois:     It protects you from poison.
 K - a +2 pair of boots of rampaging
 Q - a +0 hat of see invisible (worn)
Jewellery
 e - a ring of protection from fire
 q - a ring of see invisible
 u - a +4 ring of protection
 x - an amulet of reflection (around neck)
 z - the ring of Kaas (right hand) {rPois Will+ Str+6 Dex+3}
   (You took it off a deep elf demonologist in the Dungeon)

   [ring of strength]

   Str:       It affects your strength (+6).
   Dex:       It affects your dexterity (+3).
   rPois:     It protects you from poison.
   Will:      It increases your willpower.
 F - a +4 ring of slaying (left hand)
 G - a ring of protection from cold
 J - the ring "Zodghu" {rCorr Str+2}
   (You found it in the Dungeon)

   [ring of resist corrosion]

   Str:       It affects your strength (+2).
   rCorr:     It protects you from acid and corrosion.
Wands
 j - a wand of acid (1)
 y - a wand of iceblast (7)
Scrolls
 h - 2 scrolls of blinking
 r - 4 scrolls of fear
 s - 10 scrolls of fog
 v - 3 scrolls of identify
 E - a scroll of silence
 M - 8 scrolls of enchant weapon
Potions
 c - 9 potions of curing
 d - 17 potions of heal wounds
 f - 9 potions of magic
 g - 2 potions of berserk rage
 i - a potion of invisibility
 o - 5 potions of might
 p - 5 potions of mutation
 A - 3 potions of ambrosia
 B - a potion of attraction
 H - a potion of cancellation
 R - 5 potions of haste


   Skills:
 O Level 27 Fighting
 O Level 27 Maces & Flails
 O Level 27 Throwing
 O Level 27 Armour
 O Level 27 Dodging
 O Level 27 Stealth
 O Level 27 Shields
 + Level 24.7 Evocations


You had 18 spell levels left.
You didn't know any spells.
Your spell library was empty.

Dungeon Overview and Level Annotations

Branches:
Dungeon (1/1)

Altars:
Cheibriados
Dithmenos
Elyvilon
Fedhas
Gozag
Hepliaklqana
Kikubaaqudgha
Makhleb
Nemelex Xobeh
Okawaru
Qazlal
Ru
Sif Muna
Trog
Uskayaw
Vehumet
Wu Jian
Xom
Yredelemnul
Zin
The Shining One
Beogh
Jiyva
Lugonu

Shops:
D **=*

Annotations:
D Royal Jelly


Innate Abilities, Weirdness & Mutations

You have a pair of horns on your head.
You reflexively headbutt those who attack you in melee.
You tend to lose your temper in combat.


Message History

The rockslime hits you.
You hold your ground!
The floating eye's view fixates on you. The rockslime completely misses you.
You furiously retaliate!
You headbutt the rockslime! The quicksilver ooze hits you.
The quicksilver ooze barely misses you.
You bludgeon the rockslime!!
You headbutt the rockslime, but do no damage.
The rockslime is severely wounded.
Your lungs strain for air!
You block the quicksilver ooze's attack. x2
The rockslime hits you!!
You hold your ground!
You block the quicksilver ooze's attack.
The quicksilver ooze closely misses you.
Unknown command.
You hit the quicksilver ooze but do no damage.
You headbutt the quicksilver ooze!
The quicksilver ooze is lightly wounded.
Your lungs strain for air!
The rockslime jiggles.
The rockslime hits you!!
* * * LOW HITPOINT WARNING * * *
You hold your ground!
You block the quicksilver ooze's attack. x2
You block the rockslime's attack. The quicksilver ooze hits you.
The quicksilver ooze hits you but does no damage.
Unknown command.
You closely miss the quicksilver ooze.
Your headbutt misses the quicksilver ooze.
The quicksilver ooze is lightly wounded.
* * * LOW HITPOINT WARNING * * *
Your lungs strain for air!
You block the quicksilver ooze's attack. x2
The floating eye gazes piercingly through you!
You suddenly lose the ability to move!
The rockslime hits you!!!
* * * LOW HITPOINT WARNING * * *
You hold your ground!
* * * LOW HITPOINT WARNING * * *
Your lungs strain for air!
The quicksilver ooze hits you!
You die...

(▓.▓.▓.▓.▓.▓.▓.▓.▓
[▓.▓.▓.▓.▓.▓.▓.▓.▓
(▓.▓.▓)▓.▓.▓.▓.▓.▓
)▓.▓.▓[▓)▓.▓.▓.▓.▓
.▓.▓.▓.▓.▓.▓.▓.▓J▓
.▓.▓.▓.▓.▓.▓.▓.▓G▓
.▓.▓.▓.▓.▓.▓'▓.▓J▓
.▓.▓.▓.▓[▓.▓.▓.▓J▓
.▓.▓.▓.▓)▓.▓.▓.▓@▓
.▓.▓.▓.▓)▓.▓.▓.▓J▓
.▓.▓.▓.▓)▓.▓.▓.▓J▓
)▓.▓.▓.▓)▓.▓.▓.▓.▓
)▓.▓.▓.▓)▓.▓.▓.▓.▓
(▓.▓.▓.▓)▓.▓.▓.▓.▓
)▓.▓.▓.▓)▓.▓.▓.▓'▓
.▓.▓.▓.▓.▓.▓)▓.▓)▓
)▓.▓.▓.▓.▓.▓.▓.▓.▓


You could see the Royal Jelly, 2 rockslimes, 2 quicksilver oozes and a floating
eye.

Vanquished Creatures
  3 orbs of fire (D)
  2 ancient liches (D)
  Mara (D)
  Mennas (D)
  Boris (D)
  Sojobo (D)
  A Killer Klown (D)
  Saint Roka (D)
  Xtahua (D)
  A curse toe (D)
  2 golden dragons (D)
  3 electric golems (D)
  2 titans (D)
  3 deep elf blademasters (D)
  Rupert (D)
  3 tentacled monstrosities (D)
  2 liches (D)
  30 Orb Guardians (D)
  2 quicksilver dragons (D)
  A deep elf master archer (D)
  7 acid blobs (D)
  Gastronok (D)
  A sphinx (D)
  2 tengu reavers (D)
  Agnes (D)
  2 azure jellies (D)
  9 shadow dragons (D)
  4 nagarajas (D)
  4 storm dragons (D)
  A draconian monk (D)
  5 rockslimes (D)
  Ilsuiw (D)
  2 frost giants (D)
  2 draconian scorchers (D)
  2 deep elf sorcerers (D)
  A fire giant (D)
  2 emperor scorpions (D)
  A ghost moth (shapeshifter) (D)
  4 vault wardens (D)
  2 draconian shifters (D)
  2 draconian stormcallers (D)
  9 stone giants (D)
  2 very ugly things (D)
  2 ironbound preservers (D)
  A spriggan defender (D)
  A draconian annihilator (D)
  4 quicksilver oozes (D)
  10 vampire knights (D)
  5 deep elf demonologists (D)
  Nessos (D)
  5 green draconians (D)
  An entropy weaver (D)
  A black draconian (D)
  2 deep elf annihilators (D)
  2 yellow draconians (D)
  A dire elephant (D)
  2 purple draconians (D)
  4 red draconians (D)
  An ettin (D)
  3 white draconians (D)
  3 merfolk impalers (D)
  2 deep elf death magi (D)
  2 deep elf high priests (D)
  4 fire dragons (D)
  3 ironbound thunderhulks (D)
  6 merfolk javelineers (D)
  25 vault guards (D)
  3 rakshasas (D)
  4 naga warriors (D)
  A spriggan air mage (D)
  2 anacondas (D)
  11 hydras (D)
  A ghost crab (D)
  4 ice dragons (D)
  2 ironbound frosthearts (D)
  An alligator snapping turtle (D)
  A satyr (D)
  An ogre mage (D)
  4 centaur warriors (D)
  A deep troll shaman (D)
  A naga sharpshooter (D)
  2 spriggan berserkers (D)
  8 orc high priests (D)
  A skeletal warrior (D)
  A sea snake (D)
  3 goliath frogs (D)
  A flayed ghost (D)
  2 spriggan druids (D)
  6 swamp dragons (D)
  A necromancer (D)
  2 ironbound convokers (D)
  A wizard (D)
  A naga ritualist (D)
  2 harpies (D)
  A phantasmal warrior (D)
  3 orc knights (D)
  7 wolf spiders (D)
  2 manticores (D)
  A will-o-the-wisp (D)
  An ugly thing (D)
  Maurice (D)
  A guardian serpent (D)
  14 moths of wrath (D)
  7 elephants (D)
  2 naga magi (D)
  4 black mambas (D)
  2 cane toads (D)
  3 vault sentinels (D)
  A kobold demonologist (D)
  An efreet (D)
  A yaktaur (D)
  3 komodo dragons (D)
  A rime drake (D)
  4 merfolk (D)
  3 jumping spiders (D)
  A hornet (D)
  A wind drake (shapeshifter) (D)
  2 slime creatures (D)
  A blink frog (D)
  3 redbacks (D)
  11 spriggans (D)
  A shadow (D)
  A tarantella (D)
  A basilisk (D)
  A vampire mosquito (D)
  4 nagas (D)
  3 acid dragons (D)
  A water moccasin (D)
  A water moccasin (shapeshifter) (D)
  12 orc warriors (D)
  2 centaurs (D)
  A wolf (D)
  4 bullfrogs (D)
  A scorpion (D)
  A wight (D)
  11 orc priests (D)
  A hound (D)
  An iguana (D)
  6 orc wizards (D)
  An adder (D)
  An adder skeleton (D)
  5 orcs (D)
  A bat zombie (D)
  A giant cockroach (D)
  A jackal (D)
  A quokka (D)
  A kobold (D)
  A rat (D)
436 creatures vanquished.

Vanquished Creatures (collateral kills)
  A shadow dragon (D)
  A deep elf sorcerer (D)
  An iron dragon (D)
  An emperor scorpion (D)
  A quicksilver ooze (D)
  2 stone giants (D)
  A very ugly thing (D)
  2 merfolk javelineers (D)
  2 rakshasas (D)
  A naga warrior (D)
  A merfolk aquamancer (D)
  A wizard (D)
  A necromancer (D)
  A moth of wrath (D)
17 creatures vanquished.

Vanquished Creatures (others)
  An alligator (D)
  A wizard (D)
  An orc wizard (D)
3 creatures vanquished.

Grand Total: 456 creatures vanquished

Notes
Turn   | Place    | Note
-------+----------+-------------------------------------------
     0 | D        | mhtbhm the Minotaur Berserker began the quest for the Orb.
     0 | D        | Reached XP level 1. HP: 19/19 MP: 0/0
     4 | D        | Banished a spatial maelstrom
    10 | D        | Reached ** piety under Trog
    70 | D        | Noticed a scorpion
    70 | D        | Noticed a hound
    70 | D        | Noticed an iguana
    74 | D        | Killed an iguana
    75 | D        | Reached skill level 5 in Fighting
    75 | D        | Reached XP level 2. HP: 29/29 MP: 1/1
    75 | D        | Reached XP level 3. HP: 36/36 MP: 2/2
    76 | D        | Reached *** piety under Trog
    78 | D        | Killed a scorpion
    79 | D        | Reached skill level 1 in Stealth
    79 | D        | Reached XP level 4. HP: 47/47 MP: 3/3
    82 | D        | Reached **** piety under Trog
   237 | D        | Found a snail-covered altar of Cheibriados.
   237 | D        | Found a shadowy altar of Dithmenos.
   237 | D        | Found a white marble altar of Elyvilon.
   237 | D        | Found a blossoming altar of Fedhas.
   237 | D        | Found an opulent altar of Gozag.
   238 | D        | Found a hazy altar of Hepliaklqana.
   239 | D        | Found a viscous altar of Jiyva.
   240 | D        | Found an ancient bone altar of Kikubaaqudgha.
   241 | D        | Found a corrupted altar of Lugonu.
   242 | D        | Found a burning altar of Makhleb.
   243 | D        | Found a sparkling altar of Nemelex Xobeh.
   244 | D        | Found an iron altar of Okawaru.
   245 | D        | Found a stormy altar of Qazlal.
   246 | D        | Found a sacrificial altar of Ru.
   247 | D        | Found a shimmering blue altar of Sif Muna.
   248 | D        | Found a bloodstained altar of Trog.
   249 | D        | Found a hide-covered altar of Uskayaw.
   250 | D        | Found a radiant altar of Vehumet.
   251 | D        | Found an ornate altar of the Wu Jian Council.
   252 | D        | Found a shimmering altar of Xom.
   253 | D        | Found a basalt altar of Yredelemnul.
   254 | D        | Found a glowing silver altar of Zin.
   255 | D        | Found a glowing golden altar of the Shining One.
   308 | D        | Noticed a centaur
   308 | D        | Noticed a vampire mosquito
   308 | D        | Noticed a shadow
   308 | D        | Noticed an orc warrior
   311 | D        | Killed an orc warrior
   312 | D        | Reached skill level 5 in Dodging
   312 | D        | Reached XP level 5. HP: 57/57 MP: 4/4
   313 | D        | Killed a shadow
   314 | D        | Reached skill level 10 in Fighting
   314 | D        | Reached skill level 5 in Armour
   314 | D        | Reached XP level 6. HP: 67/67 MP: 5/5
   316 | D        | Killed a vampire mosquito
   317 | D        | Reached XP level 7. HP: 73/73 MP: 6/6
   320 | D        | Reached ***** piety under Trog
   381 | D        | Noticed a black mamba
   381 | D        | Noticed a centaur warrior
   381 | D        | Noticed a kobold demonologist
   381 | D        | Noticed a skeletal warrior
   381 | D        | Noticed a manticore
   426 | D        | Noticed a raiju
   429 | D        | Killed a manticore
   430 | D        | Reached XP level 8. HP: 85/85 MP: 7/7
   439 | D        | Killed a skeletal warrior
   439 | D        | Received a gift from Trog
   440 | D        | Reached skill level 15 in Maces & Flails
   444 | D        | Killed a kobold demonologist
   452 | D        | Killed a centaur warrior
   453 | D        | Reached XP level 9. HP: 59/96 MP: 8/8
   463 | D        | Reached skill level 15 in Fighting
   742 | D        | Noticed a cane toad
   742 | D        | Noticed a four-headed hydra
   742 | D        | Noticed a black mamba
   742 | D        | Noticed a cane toad
   747 | D        | Killed a cane toad
   748 | D        | Noticed a komodo dragon
   751 | D        | Killed a black mamba
   752 | D        | Noticed a four-headed hydra
   754 | D        | Killed a four-headed hydra
   754 | D        | Received a gift from Trog
   758 | D        | Reached XP level 10. HP: 107/107 MP: 9/9
   758 | D        | Killed a cane toad
   767 | D        | Reached skill level 10 in Armour
   769 | D        | Killed a four-headed hydra
   769 | D        | Received a gift from Trog
  1023 | D        | Noticed a black mamba
  1038 | D        | Reached ****** piety under Trog
  1041 | D        | Killed a black mamba
  1044 | D        | Received a gift from Trog
  1111 | D        | Noticed an elephant
  1111 | D        | Noticed a dire elephant
  1111 | D        | Noticed an elephant
  1111 | D        | Noticed an elephant
  1111 | D        | Noticed an elephant
  1111 | D        | Noticed an elephant
  1114 | D        | Killed an elephant
  1115 | D        | Noticed an elephant
  1117 | D        | Killed an elephant
  1120 | D        | Killed an elephant
  1121 | D        | Reached XP level 11. HP: 121/121 MP: 10/10
  1123 | D        | Killed a dire elephant
  1132 | D        | Received a gift from Trog
  1298 | D        | Received a gift from Trog
  1387 | D        | Noticed an orc knight
  1393 | D        | Killed an orc knight
  1399 | D        | Noticed an orc knight
  1408 | D        | Killed an orc knight
  1415 | D        | Received a gift from Trog
  1522 | D        | Found Bothoago's General Store.
  1522 | D        | Noticed an orc high priest
  1522 | D        | Noticed an orc high priest
  1522 | D        | Noticed an orc high priest
  1523 | D        | Noticed an orc high priest
  1530 | D        | Found Feps's Jewellery Shop.
  1532 | D        | Killed an orc high priest
  1535 | D        | Found Zinuusoq's Assorted Antiques.
  1535 | D        | Noticed an orc high priest
  1538 | D        | Killed an orc high priest
  1539 | D        | Reached skill level 10 in Dodging
  1540 | D        | Killed an orc high priest
  1543 | D        | Killed an orc high priest
  1543 | D        | Received a gift from Trog
  1545 | D        | Found Feaj's Assorted Antiques.
  1547 | D        | Killed an orc high priest
  1549 | D        | Noticed an orc high priest
  1550 | D        | Noticed an orc high priest
  1552 | D        | Noticed an orc high priest
  1555 | D        | Noticed a sixfirhy
  1566 | D        | Killed an orc high priest
  1568 | D        | Killed an orc high priest
  1569 | D        | Reached XP level 12. HP: 30/136 MP: 11/11
  1573 | D        | Killed an orc high priest
  1573 | D        | Identified the +6 great sword of Mayhem {vorpal, rElec rC-
                  | Str+3 Stlth+} (Trog gifted it to you in the Dungeon)
  1573 | D        | Received a gift from Trog
  1574 | D        | Reached skill level 1 in Evocations
  1887 | D        | Bought an amulet of reflection for 360 gold pieces
  1894 | D        | Bought a potion of curing for 78 gold pieces
  1894 | D        | Bought a twisted steel ring for 130 gold pieces
  1894 | D        | Bought a scroll of identify for 52 gold pieces
  1894 | D        | Bought a scroll of identify for 52 gold pieces
  1894 | D        | Bought a metallic black potion for 23 gold pieces
  1894 | D        | Bought a red potion for 23 gold pieces
  1896 | D        | Bought 2 red potions for 37 gold pieces
  1896 | D        | Bought a fuming green potion for 18 gold pieces
  1896 | D        | Bought a potion of mutation for 168 gold pieces
  1896 | D        | Bought a scroll of fog for 42 gold pieces
  1896 | D        | Bought a potion of haste for 210 gold pieces
  1896 | D        | Bought a scroll labelled COIGUTH BIOTHU for 21 gold pieces
  1896 | D        | Bought a fizzy green potion for 18 gold pieces
  1896 | D        | Bought a scroll labelled LUODENOFON for 21 gold pieces
  1910 | D        | Bought a +2 plate armour of cold resistance for 400 gold
                  | pieces
  1910 | D        | Bought 2 potions of might for 80 gold pieces
  1910 | D        | Bought a potion of might for 40 gold pieces
  2061 | D        | Noticed Maurice
  2069 | D        | Killed Maurice
  2318 | D        | Noticed an ogre mage
  2318 | D        | Noticed a centaur warrior
  2325 | D        | Noticed a rakshasa
  2328 | D        | Killed a centaur warrior
  2329 | D        | Noticed a seven-headed hydra
  2329 | D        | Noticed a frost giant
  2329 | D        | Noticed a stone giant
  2331 | D        | Killed an ogre mage
  2331 | D        | Received a gift from Trog
  2336 | D        | Killed a rakshasa
  2340 | D        | Killed a seven-headed hydra
  2340 | D        | Noticed a rakshasa
  2346 | D        | Killed a frost giant
  2346 | D        | Noticed a stone giant
  2348 | D        | Noticed a stone giant
  2353 | D        | Killed a stone giant
  2353 | D        | Received a gift from Trog
  2354 | D        | Reached skill level 15 in Armour
  2356 | D        | Reached skill level 1 in Throwing
  2360 | D        | Killed a rakshasa
  2361 | D        | Reached skill level 1 in Shields
  2362 | D        | Killed a stone giant
  2651 | D        | Noticed Gastronok
  2658 | D        | Killed Gastronok
  2658 | D        | Received a gift from Trog
  2814 | D        | Noticed an alligator snapping turtle
  2814 | D        | Noticed a merfolk javelineer
  2814 | D        | Noticed a satyr
  2818 | D        | Killed a satyr
  2821 | D        | Killed a merfolk javelineer
  2830 | D        | Reached XP level 13. HP: 150/150 MP: 12/12
  2836 | D        | Received a gift from Trog
  3052 | D        | Received a gift from Trog
  3059 | D        | Reached skill level 5 in Evocations
  3063 | D        | Received a gift from Trog
  3164 | D        | Noticed an entropy weaver
  3181 | D        | Killed an entropy weaver
  3181 | D        | Identified the +6 great mace "Wahy" {vorpal, rF+ Dex+3}
                  | (Trog gifted it to you in the Dungeon)
  3181 | D        | Received a gift from Trog
  3239 | D        | Received a gift from Trog
  3253 | D        | Received a gift from Trog
  3369 | D        | Noticed Nessos
  3378 | D        | Killed Nessos
  3583 | D        | Noticed a fire dragon
  3583 | D        | Noticed a fire dragon
  3583 | D        | Noticed an ettin
  3587 | D        | Killed an ettin
  3587 | D        | Noticed a spriggan defender
  3591 | D        | Noticed a stone giant
  3593 | D        | Received a gift from Trog
  3595 | D        | Noticed a frost giant
  3598 | D        | Killed a fire dragon
  3600 | D        | Noticed an iron dragon
  3601 | D        | Killed a fire dragon
  3602 | D        | Reached skill level 27 in Maces & Flails
  3608 | D        | Noticed a stone giant
  3608 | D        | Killed a spriggan defender
  3609 | D        | Reached skill level 5 in Shields
  3609 | D        | Noticed a purple very ugly thing
  3612 | D        | Killed a stone giant
  3613 | D        | Reached skill level 27 in Fighting
  3618 | D        | Noticed a purple very ugly thing
  3621 | D        | Killed a frost giant
  3621 | D        | Received a gift from Trog
  3622 | D        | Reached XP level 14. HP: 92/168 MP: 13/13
  3625 | D        | Killed an iron dragon
  3630 | D        | Killed a stone giant
  3633 | D        | Killed a purple very ugly thing
  3633 | D        | Received a gift from Trog
  3873 | D        | Reached skill level 5 in Stealth
  3928 | D        | Noticed a vault warden
  3928 | D        | Noticed a sphinx
  3933 | D        | Killed a sphinx
  3933 | D        | Received a gift from Trog
  3941 | D        | Noticed an ironbound preserver
  3942 | D        | Killed a vault warden
  3946 | D        | Received a gift from Trog
  3949 | D        | Noticed a vault warden
  3953 | D        | Killed an ironbound preserver
  3953 | D        | Identified the +10 flail of Instant Death {flame, rN+}
                  | (Trog gifted it to you in the Dungeon)
  3953 | D        | Received a gift from Trog
  3954 | D        | Noticed a brown very ugly thing
  3955 | D        | Reached skill level 10 in Shields
  3960 | D        | Killed a vault warden
  3963 | D        | Noticed an ironbound preserver
  3967 | D        | Killed a brown very ugly thing
  3967 | D        | Identified the +8 demon trident of the Past {flame, Contam
                  | +Blink rF+++ Dex-4} (Trog gifted it to you in the Dungeon)
  3967 | D        | Received a gift from Trog
  3986 | D        | Killed an ironbound preserver
  3991 | D        | Received a gift from Trog
  4339 | D        | Noticed Saint Roka
  4347 | D        | Noticed Sojobo
  4352 | D        | Killed Saint Roka
  4352 | D        | Noticed a tengu reaver
  4353 | D        | Noticed a tengu reaver
  4356 | D        | Received a gift from Trog
  4361 | D        | Killed Sojobo
  4366 | D        | Killed a tengu reaver
  4369 | D        | Killed a tengu reaver
  4369 | D        | Received a gift from Trog
  4670 | D        | Got the +0 pair of boots of Liryewk {rF+ rN+ MP-9 Str+2}
  4673 | D        | Got the +0 pair of gloves "Zadd" {Stlth+}
  4861 | D        | Noticed Xtahua
  4863 | D        | Paralysed by Xtahua for 7 turns
  4874 | D        | Killed Xtahua
  4875 | D        | Reached skill level 27 in Armour
  5006 | D        | Noticed a nagaraja
  5006 | D        | Noticed a nagaraja
  5006 | D        | Noticed a nagaraja
  5007 | D        | Noticed a nagaraja
  5012 | D        | Reached XP level 15. HP: 174/174 MP: 5/14
  5013 | D        | Killed a nagaraja
  5016 | D        | Killed a nagaraja
  5018 | D        | Killed a nagaraja
  5026 | D        | Killed a nagaraja
  5026 | D        | Received a gift from Trog
  5044 | D        | Reached skill level 15 in Shields
  5494 | D        | Received a gift from Trog
  5539 | D        | Got a serpentine rune of Zot
  5575 | D        | Received a gift from Trog
  5587 | D        | Reached skill level 10 in Stealth
  5590 | D        | Received a gift from Trog
  5593 | D        | Got a decaying rune of Zot
  5689 | D        | Noticed Ilsuiw
  5716 | D        | Killed Ilsuiw
  5716 | D        | Received a gift from Trog
  6287 | D        | Received a gift from Trog
  6441 | D        | Got a barnacled rune of Zot
  6991 | D        | Reached skill level 15 in Dodging
  7006 | D        | Received a gift from Trog
  7398 | D        | Got a gossamer rune of Zot
  7438 | D        | Noticed Mara
  7445 | D        | Killed Mara
  7446 | D        | Reached skill level 5 in Throwing
  7498 | D        | Noticed Agnes
  7505 | D        | Killed Agnes
  7573 | D        | Received a gift from Trog
  7576 | D        | Reached XP level 16. HP: 183/183 MP: 6/15
  7596 | D        | Received a gift from Trog
  7890 | D        | Reached skill level 10 in Throwing
  7910 | D        | Received a gift from Trog
  7937 | D        | Received a gift from Trog
  8118 | D        | Noticed a titan
  8127 | D        | Received a gift from Trog
  8128 | D        | Killed a titan
  8138 | D        | Received a gift from Trog
  8138 | D        | Noticed a shadow dragon
  8149 | D        | Killed a shadow dragon
  8160 | D        | Noticed a shadow dragon
  8173 | D        | Killed a shadow dragon
  8180 | D        | Received a gift from Trog
  8189 | D        | Reached skill level 15 in Throwing
  8189 | D        | Reached skill level 27 in Shields
  8499 | D        | Noticed a shadow dragon
  8499 | D        | Noticed a titan
  8499 | D        | Noticed a shadow dragon
  8502 | D        | Received a gift from Trog
  8502 | D        | Identified the ring of Kaas {rPois Will+ Str+6 Dex+3}
  8503 | D        | Killed a shadow dragon
  8505 | D        | Killed a titan
  8505 | D        | Noticed a shadow dragon
  8509 | D        | Killed a shadow dragon
  8509 | D        | Received a gift from Trog
  8518 | D        | Killed a shadow dragon
  8789 | D        | Got a silver rune of Zot
  8792 | D        | Identified the +12 great mace of Fate {venom, rElec Int+5}
  8839 | D        | Noticed Boris
  8851 | D        | Killed Boris
  9107 | D        | Got the ring of Paorosch {Fire Dex+2}
  9109 | D        | Got the ring "Zodghu" {rCorr Str+2}
  9111 | D        | Got the ring "Zyschon" {Contam MP+9 Str+3 Int+7}
  9115 | D        | Got the amulet "Faump" {Faith Dex+4}
  9276 | D        | Noticed Rupert
  9279 | D        | Killed Rupert
  9355 | D        | Identified the +6 tower shield of Integrity {rPois Str+2}
  9355 | D        | Noticed Mennas
  9388 | D        | Killed Mennas
  9388 | D        | Received a gift from Trog
  9500 | D        | Noticed a golden dragon
  9500 | D        | Noticed a quicksilver dragon
  9503 | D        | Killed a quicksilver dragon
  9503 | D        | Identified the +6 dire flail "Poiloux" {vorpal, rElec Will-
                  | rCorr Dex+4} (Trog gifted it to you in the Dungeon)
  9503 | D        | Received a gift from Trog
  9511 | D        | Reached XP level 17. HP: 159/191 MP: 16/16
  9511 | D        | Killed a golden dragon
  9511 | D        | Received a gift from Trog
  9706 | D        | Received a gift from Trog
  9863 | D        | Received a gift from Trog
 10019 | D        | Noticed an electric golem
 10022 | D        | Received a gift from Trog
 10024 | D        | Killed an electric golem
 10102 | D        | Noticed a tentacled monstrosity
 10102 | D        | Noticed a Killer Klown
 10106 | D        | Received a gift from Trog
 10107 | D        | Reached skill level 27 in Throwing
 10111 | D        | Killed a Killer Klown
 10112 | D        | Reached skill level 15 in Stealth
 10117 | D        | Killed a tentacled monstrosity
 10122 | D        | Received a gift from Trog
 10168 | D        | Noticed an orb of fire
 10168 | D        | Noticed a quicksilver dragon
 10168 | D        | Noticed a tentacled monstrosity
 10169 | D        | Killed a tentacled monstrosity
 10171 | D        | Killed a quicksilver dragon
 10172 | D        | Received a gift from Trog
 10172 | D        | Noticed a curse toe
 10175 | D        | Killed a curse toe
 10179 | D        | Killed an orb of fire
 10610 | D        | Noticed an Orb Guardian
 10610 | D        | Noticed an Orb Guardian
 10610 | D        | Noticed an Orb Guardian
 10610 | D        | Noticed an Orb Guardian
 10610 | D        | Noticed an Orb Guardian
 10610 | D        | Noticed an Orb Guardian
 10615 | D        | Killed an Orb Guardian
 10615 | D        | Identified the +7 mace of Skirmishing {vorpal, rElec} (Trog
                  | gifted it to you in the Dungeon)
 10615 | D        | Received a gift from Trog
 10616 | D        | Noticed an Orb Guardian
 10618 | D        | Killed an Orb Guardian
 10620 | D        | Killed an Orb Guardian
 10620 | D        | Noticed an Orb Guardian
 10622 | D        | Killed an Orb Guardian
 10623 | D        | Noticed an Orb Guardian
 10624 | D        | Killed an Orb Guardian
 10627 | D        | Killed an Orb Guardian
 10627 | D        | Received a gift from Trog
 10631 | D        | Killed an Orb Guardian
 10632 | D        | Noticed an Orb Guardian
 10636 | D        | Killed an Orb Guardian
 10639 | D        | Killed an Orb Guardian
 10644 | D        | Killed an Orb Guardian
 10645 | D        | Reached XP level 18. HP: 193/200 MP: 17/17
 10804 | D        | Noticed an Orb Guardian
 10804 | D        | Noticed an Orb Guardian
 10804 | D        | Noticed a golden dragon
 10807 | D        | Killed a golden dragon
 10807 | D        | Identified the +6 mace of Death {vorpal, Str+3} (Trog
                  | gifted it to you in the Dungeon)
 10807 | D        | Received a gift from Trog
 10808 | D        | Killed an Orb Guardian
 10808 | D        | Noticed an Orb Guardian
 10809 | D        | Killed an Orb Guardian
 10810 | D        | Noticed an Orb Guardian
 10812 | D        | Killed an Orb Guardian
 10815 | D        | Killed an Orb Guardian
 10876 | D        | Noticed an ancient lich
 10877 | D        | Killed an ancient lich
 10877 | D        | Received a gift from Trog
 10879 | D        | Noticed an orb of fire
 10886 | D        | Killed an orb of fire
 11067 | D        | Noticed an electric golem
 11072 | D        | Killed an electric golem
 11139 | D        | Noticed an Orb Guardian
 11142 | D        | Noticed an orb of fire
 11145 | D        | Noticed an Orb Guardian
 11147 | D        | Killed an Orb Guardian
 11149 | D        | Gained mutation: You tend to lose your temper in combat.
                  | [an orb of fire]
 11151 | D        | Noticed a tentacled monstrosity
 11154 | D        | Killed an orb of fire
 11154 | D        | Noticed an electric golem
 11156 | D        | Killed an Orb Guardian
 11156 | D        | Received a gift from Trog
 11157 | D        | Reached skill level 27 in Stealth
 11163 | D        | Killed a tentacled monstrosity
 11164 | D        | Noticed an Orb Guardian
 11165 | D        | Noticed an Orb Guardian
 11165 | D        | Noticed an ancient lich
 11171 | D        | Killed an Orb Guardian
 11176 | D        | Killed an ancient lich
 11181 | D        | Killed an Orb Guardian
 11183 | D        | Killed an electric golem
 11183 | D        | Identified the +8 flail of Superiority {vorpal, rPois rC+}
                  | (Trog gifted it to you in the Dungeon)
 11183 | D        | Received a gift from Trog
 11548 | D        | Noticed an Orb Guardian
 11548 | D        | Noticed an Orb Guardian
 11548 | D        | Noticed an Orb Guardian
 11548 | D        | Noticed an Orb Guardian
 11548 | D        | Noticed an Orb Guardian
 11548 | D        | Noticed an Orb Guardian
 11550 | D        | Killed an Orb Guardian
 11550 | D        | Killed an Orb Guardian
 11551 | D        | Killed an Orb Guardian
 11551 | D        | Killed an Orb Guardian
 11551 | D        | Killed an Orb Guardian
 11552 | D        | Reached skill level 27 in Dodging
 11553 | D        | Noticed an Orb Guardian
 11553 | D        | Killed an Orb Guardian
 11555 | D        | Killed an Orb Guardian
 11556 | D        | Reached skill level 10 in Evocations
 11558 | D        | Noticed an Orb Guardian
 11560 | D        | Noticed an Orb Guardian
 11561 | D        | Noticed an Orb Guardian
 11562 | D        | Noticed an Orb Guardian
 11564 | D        | Noticed an Orb Guardian
 11566 | D        | Received a gift from Trog
 11570 | D        | Killed an Orb Guardian
 11571 | D        | Killed an Orb Guardian
 11576 | D        | Killed an Orb Guardian
 11579 | D        | Killed an Orb Guardian
 11582 | D        | Killed an Orb Guardian
 11935 | D        | Noticed a lich
 11937 | D        | Received a gift from Trog
 11939 | D        | Received a gift from Trog
 11940 | D        | Reached skill level 15 in Evocations
 11941 | D        | Noticed a lich
 11942 | D        | Killed a lich
 11948 | D        | Killed a lich
 11948 | D        | Received a gift from Trog
 11956 | D        | Paralysed by a vampire knight for 2 turns
 11996 | D        | Received a gift from Trog
 12005 | D        | Reached XP level 19. HP: 200/207 MP: 9/18
 12029 | D        | Identified the +11 morningstar "Besuh" {vorpal, rC++ Will+
                  | rCorr} (Trog gifted it to you in the Dungeon)
 12029 | D        | Received a gift from Trog
 12052 | D        | Received a gift from Trog
 12062 | D        | Received a gift from Trog
 12068 | D        | Got an elven rune of Zot
 12437 | D        | Received a gift from Trog
 12445 | D        | Noticed the Royal Jelly
 12485 | D        | Paralysed by a floating eye for 2 turns
 12490 | D        | Paralysed by a floating eye for 2 turns
 12491 | D        | HP: 8/207 [drowned by a quicksilver ooze[the Royal Jelly]
                  | (8)]
 12491 | D        | Slain by a quicksilver ooze

Illustrated notes

Levels and vault maps discovered:
D:        linesprint [early_d, line_temple, items_1, d_10, items_2, lair_1,
          lair_end, items_3, orc_1, orc_end, items_4, d_15, swamp_1, shoals_1,
          snake_1, spider_1, d_20, vaults_1, items_5, swamp_end, shoals_end,
          snake_end, spider_end, vaults_end, d_27, items_6, zot_1, zot_end,
          crypt_end, forest_end, elf_end, slime_end, tomb_end, abyss_end,
          pan_hell_end]

Skill      XL: |  1  2  3  4  5  6  7  8  9 10 11 12 13 14 15 16 17 18 19 |
---------------+----------------------------------------------------------+-----
Fighting       | 5 7 9 10 12 14 16 18 21 23 27 | 27.0
Maces & Flails | 6 8 9 11 12 13 16 17 20 23 25 27 | 27.0
Armour         | 3 4 5 6 8 9 11 13 16 19 27 | 27.0
Dodging        | 3 4 5 6 7 8 9 10 11 16 18 21 27 | 27.0
Stealth        | 1 2 3 4 7 11 13 22 27 | 27.0
Evocations     | 4 5 18 24 | 24.7
Throwing       | 1 8 22 27 | 27.0
Shields        | 2 6 12 24 27 | 27.0

Action                   |  1- 3 |  4- 6 |  7- 9 | 10-12 | 13-15 | 16-18 | 19-21 || total
-------------------------+-------+-------+-------+-------+-------+-------+-------++-------
Melee: Mace              |    17 |     4 |       |       |       |       |       ||    21
       Headbutt          |     2 |     3 |     9 |    29 |    87 |    78 |    20 ||   228
       Dire flail        |       |     6 |    42 |    11 |       |       |       ||    59
       Great mace        |       |       |       |   165 |   359 |   268 |    32 ||   824
       Morningstar       |       |       |       |       |       |       |    27 ||    27
Throw: Boomerang         |       |       |       |     1 |       |     9 |     1 ||    11
       Javelin           |       |       |       |       |     5 |   108 |    16 ||   129
Invok: Berserk           |     1 |     1 |     2 |     7 |    13 |    11 |     2 ||    37
       Brothers in Arms  |       |       |       |     1 |     4 |     2 |     3 ||    10
       Trog's Hand       |       |       |       |       |       |     1 |       ||     1
Evoke: Wand              |       |       |       |     8 |       |     1 |       ||     9
  Use: Potion            |       |       |       |     2 |     6 |     3 |     1 ||    12
       Scroll            |       |       |       |     5 |     3 |     5 |       ||    13
 Stab: Sleeping          |     1 |       |       |       |     2 |     5 |       ||     8
       Distracted        |       |       |       |       |     1 |       |       ||     1
Armor: Animal skin       |     2 |       |       |       |       |       |       ||     2
       Chain mail        |       |     2 |    21 |    18 |       |       |       ||    41
       Plate armour      |       |       |       |    36 |   132 |    23 |       ||   191
       Skin              |       |       |       |       |     1 |       |       ||     1
       Shadow dragon sca |       |       |       |       |       |    62 |       ||    62
       Gold dragon scale |       |       |       |       |       |     5 |    26 ||    31
Dodge: Dodged            |     8 |     3 |    17 |    51 |   144 |    86 |    25 ||   334
Block: Other             |       |       |       |     3 |    46 |    36 |     1 ||    86
       Reflection        |       |       |       |       |     3 |       |     1 ||     4
       Tower shield      |       |       |       |       |       |       |    34 ||    34

Table legend: (Time is in decaauts) A = Elapsed time spent in this place. B = Non-inter-level travel time spent in this place. C = Inter-level travel time spent in this place. D = Time resting spent in this place. E = Time spent auto-exploring this place. F = Levels seen in this place. G = Mean time per level. A B C D E F G +--------+--------+--------+--------+--------+-----+--------+ Total | 12446 | 12446 | 0 | 7178 | 2092 | 1 | 12446.0 | Dungeon | 12446 | 12446 | 0 | 7178 | 2092 | 1 | 12446.0 | +--------+--------+--------+--------+--------+-----+--------+

Top non-repeatable levels by time:
       D: 12446 daAuts
